 Dungeon Crawl Stone Soup version 0.25-a0-413-g3b4b6a4ccc (webtiles) character file.

Game seed: 15985734922968170281, levelgen mode: deterministic

3337 Dragon00 the Fighter (level 9, -2/83 HPs)
             Began as a Minotaur Berserker on Jan 16, 2020.
             Was an Elder of Trog.
             Slain by a hornet (7 damage)
             ... on level 9 of the Dungeon.
             The game lasted 00:32:11 (6131 turns).

Dragon00 the Fighter (Minotaur Berserker)           Turns: 6131, Time: 00:32:12

Health: -2/83      AC: 20    Str: 22    XL:     9   Next: 72%
Magic:  8/8        EV: 10    Int:  4    God:    Trog [****..]
Gold:   201        SH:  0    Dex: 13    Spells: 8/8 levels left

rFire    . . .     SeeInvis .   a - +0 war axe
rCold    . . .     Gourm    .   (no shield)
rNeg     . . .     Faith    .   f - +0 plate armour
rPois    .         Spirit   .   (helmet restricted)
rElec    .         Reflect  .   (no cloak)
rCorr    .         Harm     .   (no gloves)
MR       +....                  u - +2 pair of boots
Stlth    ..........             (no amulet)
HPRegen  0.23/turn              k - +3 ring of protection
MPRegen  0.11/turn              d - ring of protection from magic

@: lethally poisoned (-2 -> -3), very slightly contaminated
A: retaliatory headbutt, horns 2
a: Berserk, Trog's Hand, Brothers in Arms, Renounce Religion


You were on level 9 of the Dungeon.
You worshipped Trog.
Trog was greatly pleased with you.
You were hungry.

You visited 1 branch of the dungeon, and saw 8 of its levels.

You collected 256 gold pieces.
You spent 55 gold pieces at shops.

Inventory:

Hand Weapons
 a - a +0 war axe (weapon)
 b - a +0 hunting sling
Missiles
 e - 53 stones
 j - 47 poisoned darts (quivered)
Armour
 f - a +0 plate armour (worn)
 u - a +2 pair of boots (worn)
Jewellery
 d - a ring of protection from magic (right hand)
 k - a +3 ring of protection (left hand)
 r - a +4 ring of dexterity
 E - an uncursed ring of fire
Wands
 g - a wand of scattershot (8)
 B - a wand of polymorph (5)
Scrolls
 n - 4 scrolls of fear
 o - 4 scrolls of magic mapping
 q - a scroll of teleportation
 t - a scroll of random uselessness {unknown}
 v - 2 scrolls of remove curse
 w - a scroll of immolation
 x - 2 scrolls of fog
 y - a scroll of blinking
 A - 2 scrolls of noise {unknown}
 D - a scroll of silence {unknown}
 F - 2 scrolls of summoning {unknown}
Potions
 h - 3 potions of curing
 i - a potion of might
 l - a potion of invisibility
 m - 3 potions of haste
 s - 3 potions of resistance
 z - a potion of heal wounds
 G - a potion of brilliance {unknown}
Comestibles
 c - 8 rations


   Skills:
 + Level 9.1 Fighting
 + Level 9.1 Axes
 + Level 8.6 Armour
 + Level 7.9 Dodging


You had 8 spell levels left.
You didn't know any spells.
Your spell library was empty.

Dungeon Overview and Level Annotations

Branches:
Dungeon (7/15)
 Temple: D:4-7

Altars:
Trog
Wu Jian
Zin

Shops:
D:5 ?}![?


Innate Abilities, Weirdness & Mutations

You reflexively headbutt those who attack you in melee.
You have a pair of horns on your head.


Message History

You headbutt the killer bee!
You kill the killer bee!
Trog accepts your kill.
You flicker back into view.
You feel sick.
Found a scroll of identify.
You see here a killer bee corpse.
A hornet comes into view.
You feel sick.
The hornet buzzes angrily.
Found a leather armour.
Found an escape hatch in the ceiling.
The hornet stings you.
* * * LOW HITPOINT WARNING * * *
You feel yourself slow down.
You feel sick.
The hornet stings you but does no damage. x2
You feel yourself speed up.
The hornet stings you but does no damage.
The hornet stings you!
You die...

▓..▓....▓.....▓▓▓
.. ▓...†.†......▓
..▓▓▓.▓.▓††▓▓▓▓▓.♣
.<....▓.▓...▓▓♣.♣♣
▓.........[..♣
.▓▓........♣♣.♣..
.........▓♣♣ ♣..
.......y.▓ ...
.......@.▓ .▓▓
......?..▓ ▓
.........▓
....[....▓
..........
..........♣
..........♣
..........♣


You could see a hornet.

Vanquished Creatures
  A two-headed ogre (D:6)
  Prince Ribbit (D:6)
  A hungry ghost (D:7)
  Menkaure (D:4)
  2 ice beasts
  A sky beast (D:6)
  4 centaurs
  An ogre (D:6)
  A bullfrog (D:6)
  A water moccasin skeleton (D:6)
  A scorpion (D:7)
  16 killer bees (D:9)
  A centaur zombie (D:9)
  3 crimson imps
  A quasit (D:7)
  2 orc priests
  A hound (D:6)
  An iguana (D:3)
  Jessica (D:3)
  2 bullfrog skeletons
  7 orc wizards
  2 worker ants
  A killer bee zombie (D:6)
  5 adders
  An adder skeleton (D:4)
  A worm (D:2)
  2 dart slugs
  5 leopard geckos
  15 orcs
  3 giant cockroaches
  6 goblins
  5 hobgoblins
  12 jackals
  4 ball pythons
  9 bats
  4 frilled lizards
  3 kobolds
  A leopard gecko skeleton (D:4)
  A leopard gecko zombie (D:5)
  7 rats
137 creatures vanquished.

Notes
Turn   | Place    | Note
-------+----------+-------------------------------------------
     0 | D:1      | Dragon00 the Minotaur Berserker began the quest for the
                  | Orb.
     0 | D:1      | Reached XP level 1. HP: 19/19 MP: 0/0
   248 | D:1      | Reached XP level 2. HP: 27/27 MP: 1/1
   721 | D:2      | Reached XP level 3. HP: 32/33 MP: 2/2
   819 | D:2      | Reached ** piety under Trog
  1534 | D:3      | Reached XP level 4. HP: 41/41 MP: 3/3
  1593 | D:3      | Noticed Jessica
  1597 | D:3      | Killed Jessica
  1738 | D:3      | Found an ornate altar of the Wu Jian Council.
  1888 | D:3      | Reached XP level 5. HP: 33/47 MP: 4/4
  2010 | D:3      | You fall into a shaft and drop 2 floors!
  2010 | D:5      | Entered Level 5 of the Dungeon
  2021 | D:5      | Noticed a centaur
  2037 | D:5      | Killed a centaur
  2037 | D:5      | Reached skill level 5 in Fighting
  2037 | D:5      | Reached skill level 5 in Axes
  2037 | D:5      | Reached XP level 6. HP: 33/56 MP: 5/5
  2502 | D:3      | Found a bloodstained altar of Trog.
  3046 | D:4      | Noticed Menkaure
  3283 | D:4      | Killed Menkaure
  3283 | D:4      | Reached skill level 5 in Armour
  3283 | D:4      | Reached XP level 7. HP: 21/62 MP: 6/6
  3673 | D:5      | Found Mapesk's Magic Scroll Shop.
  3690 | D:5      | Found Koaneru's Distillery.
  3694 | D:5      | Found Yroemoc's Magic Scroll Shoppe.
  3694 | D:5      | Found Ucvarec's Gadget Shoppe.
  3695 | D:5      | Found Xaalatze's Antique Armour Shoppe.
  3698 | D:5      | Bought a potion of heal wounds for 55 gold pieces
  4070 | D:6      | Reached skill level 5 in Dodging
  4273 | D:6      | Reached *** piety under Trog
  4434 | D:6      | Found a glowing silver altar of Zin.
  4452 | D:6      | Reached XP level 8. HP: 71/71 MP: 7/7
  4458 | D:6      | Noticed Prince Ribbit
  4567 | D:6      | Noticed a two-headed ogre
  4583 | D:6      | Killed a two-headed ogre
  5158 | D:6      | Found a glowing silver altar of Zin.
  5458 | D:6      | Killed Prince Ribbit
  5498 | D:7      | Reached XP level 9. HP: 71/81 MP: 8/8
  5999 | D:7      | You fall into a shaft and drop 2 floors!
  6071 | D:9      | Reached **** piety under Trog
  6130 | D:9      | HP: 4/83 [poisoned by a killer bee]
  6131 | D:9      | Slain by a hornet

Levels and vault maps discovered:
D:1:      dpeg_arrival_long_road, layout_loops_cross
D:2:      layout_loops_ring
D:3:      layout_loops_ring, old_standard_altar, marbit_many_paths, uniq_jessica
D:4:      layout_basic, uniq_menkaure
D:5:      layout_cave_pools, serial_shops, nicolae_shop_trees, first_ration,
          minmay_shop_grid_forest
D:6:      layout_loops_corners, basic_altar, uniq_prince_ribbit1
D:7:      layout_rooms, minmay_temple_entry_overgrown, uniq_joseph
D:9:      wad_woods_minihive, layout_basic, zin_scriptorium,
          hangedman_pestilent_swarm, grunt_decor_resistance

Skill      XL: |  1  2  3  4  5  6  7  8  9 |
---------------+----------------------------+-----
Fighting       | 4 5 6 7 9 |  9.1
Axes           | 4 5 6 7 9 |  9.1
Armour         | 3 4 5 6 7 8 |  8.6
Dodging        | 3 4 5 6 7 |  7.9

Action                   |  1- 3 |  4- 6 |  7- 9 || total
-------------------------+-------+-------+-------++-------
Melee: Hand axe          |    77 |    68 |    14 ||   159
       Headbutt          |    12 |    12 |    33 ||    57
       War axe           |       |       |   161 ||   161
 Fire: Hunting sling     |       |     4 |    35 ||    39
Throw: Stone             |    48 |       |       ||    48
       Dart              |     2 |    15 |    10 ||    27
Invok: Trog's Hand       |       |     2 |     1 ||     3
       Berserk           |       |     1 |     2 ||     3
  Use: Scroll            |     9 |     5 |     3 ||    17
       Potion            |       |       |     2 ||     2
 Stab: Invisible         |       |       |     1 ||     1
  Eat: Chunk             |     2 |     6 |     7 ||    15
       Ration            |       |       |     2 ||     2
Armor: Ring mail         |    24 |    16 |       ||    40
       Plate armour      |       |     3 |   123 ||   126
       Skin              |       |       |   125 ||   125
Dodge: Dodged            |    49 |    49 |    97 ||   195

Table legend:
 A = Non-vault XP
 B = Vault XP
 C = Vault XP percentage of total XP
 D = Non-vault monster count
 E = Vault monster count
 F = Vault count percentage of total count
                 A         B        C        D         E       F
            +---------+---------+-------+---------+---------+-------
      Total |    3267 |    1501 |  31.5 |     117 |      20 |  14.6
            +---------+---------+-------+---------+---------+-------
        D:1 |      35 |       0 |   0.0 |      21 |       0 |   0.0
        D:2 |      60 |       0 |   0.0 |      19 |       0 |   0.0
        D:3 |      82 |      77 |  48.4 |      16 |       2 |  11.1
        D:4 |      11 |     172 |  94.0 |       4 |       1 |  20.0
        D:5 |     489 |       0 |   0.0 |      16 |       0 |   0.0
        D:6 |    1584 |     264 |  14.3 |      15 |       1 |   6.2
        D:7 |     731 |       0 |   0.0 |      21 |       0 |   0.0
        D:9 |     275 |     988 |  78.2 |       5 |      16 |  76.2
            +---------+---------+-------+---------+---------+-------
